[Event "Team 45 45 League T49"]
[Site "Internet Chess Club"]
[Date "2011.06.04"]
[Round "4"]
[White "zepled37"]
[Black "BigH"]
[Result "0-1"]
[WhiteElo "1641"]
[BlackElo "1861"]
[Opening "Caro-Kann: advance variation"]
[ECO "B12"]
[Time "14:14:39"]
[TimeControl "2700+45"]

1. e4 c6 2. d4 d5 3. e5 Bf5 4. Nf3 e6 5. Be2 c5 6. Be3 cxd4 7. Bxd4 Nc6 8. c3
Nge7 9. O-O Nc8 10. Re1 Be7 11. Nbd2 O-O 12. Nf1 Nb6 13. Ne3 Bg6 14. Bf1 Qc7 15.
h3 Nd7 16. Nc2 Be4 17. g4 Ndxe5 18. Bxe5 Nxe5 19. Nxe5 Qxe5 20. Nd4 Bd6 21. Nf3
Bxf3 22. Rxe5 Bxd1 23. Re3 Ba4 24. b3 Bc6 25. Rd1 Rfd8 26. a4 a6 27. Red3 Be7
{White resigns} 0-1

[Event "Team 45 45 League T49"]
[Site "Internet Chess Club"]
[Date "2011.06.05"]
[Round "4"]
[White "Nakke"]
[Black "bmw2002"]
[Result "1-0"]
[WhiteElo "1800"]
[BlackElo "1581"]
[Opening "Caro-Kann: Panov-Botvinnik attack"]
[ECO "B13"]
[Time "16:28:00"]
[TimeControl "2700+45"]

1. e4 c6 2. d4 d5 3. exd5 cxd5 4. c4 Nf6 5. Nc3 Nc6 6. Nf3 Bg4 7. cxd5 Nxd5 8.
Qb3 Bxf3 9. gxf3 Nb6 10. d5 Nd4 11. Qd1 e5 12. dxe6 Nxe6 13. Bb5+ Nd7 14. O-O a6
15. Ba4 b5 16. Bb3 Ndc5 17. Bd5 Rc8 18. Re1 Qf6 19. Be3 Be7 20. b4 Qxc3 21. bxc5
Qf6 22. Bb7 Rd8 23. Qe2 O-O 24. Bxa6 Bxc5 25. Bxb5 Nf4 26. Qf1 Qg5+ 27. Kh1 Bxe3
28. fxe3 Nh5 29. a4 Qh4 30. Qg2 Rd6 31. Qg4 Qxg4 32. fxg4 Nf6 33. Be2 Ne4 34. a5
Nc5 35. a6 Ra8 36. Reb1 g6 37. a7 Nd7 38. Bf3 {Black resigns} 1-0

[Event "Team 45 45 League T49"]
[Site "Internet Chess Club"]
[Date "2011.06.05"]
[Round "4"]
[White "BrerRabbit"]
[Black "Nobak"]
[Result "1/2-1/2"]
[WhiteElo "1510"]
[BlackElo "1451"]
[Opening "English, 1...Nf6 (Anglo-Indian defense)"]
[ECO "A15"]
[Time "19:02:15"]
[TimeControl "2700+45"]

1. c4 Nf6 2. g3 g6 3. Bg2 Bg7 4. Nc3 O-O 5. e4 e5 6. Nge2 d6 7. O-O Nc6 8. d3
Bg4 9. h3 Bd7 10. Bg5 Kh8 11. Qd2 Qc8 12. Kh2 Ng8 13. Nd5 f5 14. Be3 Nf6 15.
Ndc3 fxe4 16. dxe4 Be6 17. Nd5 Qd7 18. Rfd1 Ne7 19. Nxe7 Qxe7 20. Rac1 Rad8 21.
b3 b6 22. Nc3 Rg8 23. Bg5 Qf7 24. Nd5 Bxd5 25. cxd5 Rdf8 26. Be3 Qe7 27. Bg5 Rf7
28. Rc6 Rc8 29. Rdc1 Qf8 30. Kg1 h6 31. Be3 Kh7 32. R1c2 Ne8 33. Qe2 Qe7 34. Qg4
Rd8 35. Qe2 Ra8 36. Qd2 Qd8 37. Qc1 Qc8 38. Kh2 Qb7 39. h4 Rc8 40. Bh3 Ra8 41.
Be6 Re7 42. Bh3 a5 43. a4 Ra7 44. Bf1 Nf6 45. Bg2 Ng4+ 46. Kg1 Nxe3 47. Qxe3 Rf7
48. Bh3 h5 49. Kg2 Bh6 50. Qc3 Qb8 51. Qc4 Qd8 52. Be6 Re7 53. Bh3 Rg7 54. Qc3
Qf6 55. Qd3 Re7 {Game drawn by mutual agreement} 1/2-1/2

[Event "Team 45 45 League T49"]
[Site "Internet Chess Club"]
[Date "2011.06.03"]
[Round "4"]
[White "IanT"]
[Black "AlPearson"]
[Result "1-0"]
[WhiteElo "1355"]
[BlackElo "1379"]
[Opening "Caro-Kann: Panov-Botvinnik attack, 5...e6"]
[ECO "B14"]
[Time "07:58:09"]
[TimeControl "2700+45"]

1. e4 c6 2. d4 d5 3. exd5 cxd5 4. c4 Nf6 5. Nc3 e6 6. Be3 Nc6 7. Nf3 Be7 8. Bd3
O-O 9. O-O Bd7 10. Qc2 Nb4 11. Qd2 Nxd3 12. Qxd3 dxc4 13. Qxc4 Rc8 14. Qd3 Qb6
15. Rab1 a6 16. Rfd1 Rfd8 17. d5 Qd6 18. dxe6 Bxe6 19. Qxd6 Bxd6 20. Rd2 Rd7 21.
Rbd1 Bb4 22. Rxd7 Nxd7 23. Nd5 Bf8 24. h3 Rc2 25. Nf4 Nf6 26. Nxe6 fxe6 27. Rd8
Nd5 28. Nd4 Nxe3 29. Nxe6 Kf7 30. Nxf8 Rc1+ 31. Kh2 Nf1+ 32. Kg1 Ke7 33. Rb8
Nd2+ 34. Kh2 Ne4 35. Nxh7 Nxf2 36. Rxb7+ Ke8 37. Rxg7 Rc2 38. Ra7 Rxb2 39. Rxa6
Nd3 40. h4 Nc1 41. a3 Ra2 42. h5 Kf7 43. h6 Ne2 44. Ng5+ Ke7 45. h7 Nf4 46. h8=Q
Rxg2+ 47. Kh1 Rxg5 48. Qf6+ Kd7 49. Qxg5 Ne2 50. Qd2+ Kc7 51. Qxe2 Kb7 52. Rh6
Kc7 53. Qb2 Kd7 54. Qb7+ Kd8 55. Rh8# {Black checkmated} 1-0

[Event "Team 45 45 League T49"]
[Site "Internet Chess Club"]
[Date "2011.06.07"]
[Round "4"]
[White "spacecadet"]
[Black "bogolijubov"]
[Result "1/2-1/2"]
[WhiteElo "2071"]
[BlackElo "1790"]
[Opening "Scandinavian: Marshall variation"]
[ECO "B01"]
[Time "16:25:07"]
[TimeControl "2700+45"]

1. e4 d5 2. exd5 Nf6 3. d4 Nxd5 4. Nf3 g6 5. Bc4 Bg7 6. O-O O-O 7. Bb3 Nc6 8. c3
Bf5 9. Re1 b5 10. a3 a5 11. Nbd2 e5 12. Nxe5 Nxe5 13. dxe5 Nf4 14. Nf3 Qxd1 15.
Rxd1 Ne2+ 16. Kf1 Nxc1 17. Raxc1 Rae8 18. Rd5 a4 19. Bd1 Be4 20. Rc5 c6 21. Be2
Re7 22. c4 Bxf3 23. Bxf3 bxc4 24. R1xc4 Bxe5 25. Rxa4 Bxb2 26. Bxc6 Rd8 27. g3
Rd3 28. Ra8+ Kg7 29. a4 Rd2 30. Re8 Rxf2+ 31. Kxf2 Bd4+ 32. Kf3 Bxc5 33. Rxe7
Bxe7 34. a5 f5 35. Ke3 Bc5+ 36. Kd3 Kf6 37. Kc4 Bg1 38. a6 Ke5 39. Bg2 Kd6 40.
Kb5 Kc7 41. Bd5 Kb8 42. Bg8 h6 43. Bh7 Bxh2 44. Bxg6 Bxg3 45. Bxf5 Ka7 46. Bg4
{Game drawn by mutual agreement} 1/2-1/2

[Event "Team 45 45 League T49"]
[Site "Internet Chess Club"]
[Date "2011.06.05"]
[Round "4"]
[White "gerailen0075"]
[Black "perikitosax"]
[Result "1/2-1/2"]
[WhiteElo "1962"]
[BlackElo "1964"]
[Opening "Sicilian: Alapin's variation (2.c3)"]
[ECO "B22"]
[Time "09:30:33"]
[TimeControl "2700+45"]

1. e4 c5 2. c3 Nf6 3. e5 Nd5 4. d4 cxd4 5. cxd4 d6 6. Nf3 e6 7. Bc4 Nc6 8. O-O
Be7 9. a3 O-O 10. Re1 Bd7 11. Bd3 f5 12. exf6 Bxf6 13. Nc3 Nxc3 14. bxc3 Qa5 15.
Bd2 Qh5 16. Rb1 b6 17. Rb5 d5 18. Rb2 Rae8 19. Qb3 Kh8 20. Bc1 g5 21. Rbe2 g4
22. Nd2 Bg7 23. Nf1 Qf7 24. Qc2 Bf6 25. Ng3 Rg8 26. Bb2 h5 {Game drawn by mutual
agreement} 1/2-1/2

[Event "Team 45 45 League T49"]
[Site "Internet Chess Club"]
[Date "2011.06.04"]
[Round "4"]
[White "CapitanTrueno"]
[Black "RamRock"]
[Result "1/2-1/2"]
[WhiteElo "1774"]
[BlackElo "1809"]
[Opening "Caro-Kann: Steinitz variation"]
[ECO "B17"]
[Time "10:04:22"]
[TimeControl "2700+45"]

1. e4 c6 2. d4 d5 3. Nc3 dxe4 4. Nxe4 Nd7 5. Nf3 Ngf6 6. Nxf6+ Nxf6 7. Be2 Bf5
8. O-O e6 9. c3 Qc7 10. Bd3 Bxd3 11. Qxd3 Bd6 12. Qe2 O-O 13. Ne5 Nd7 14. Nxd7
Qxd7 15. Qf3 Bc7 16. Bf4 Rad8 17. Bxc7 Qxc7 18. Rfe1 Rd5 19. Re2 Rfd8 20. Rae1
c5 21. dxc5 Qxc5 22. Qe3 Qxe3 23. fxe3 Rd2 24. Kf2 f5 25. Rxd2 Rxd2+ 26. Re2 Rd6
27. c4 Kf7 28. Kf3 Kf6 29. e4 Rd3+ 30. Re3 Rd2 31. exf5 exf5 32. Re2 Rxe2 33.
Kxe2 Ke5 34. Ke3 g5 35. g3 a5 36. b3 b6 37. h4 h6 38. h5 Kd6 39. Kd4 Ke6 40. a3
Kd6 41. b4 axb4 42. axb4 Ke6 43. c5 bxc5+ 44. bxc5 f4 45. gxf4 gxf4 46. Ke4 f3
47. Kxf3 Kd5 48. Kf4 Kxc5 49. Ke5 Kc6 50. Ke6 Kc7 51. Ke7 Kc6 52. Kf7 Kd6 53.
Kg7 Ke6 54. Kxh6 Kf6 {Game drawn by mutual agreement} 1/2-1/2

[Event "Team 45 45 League T49"]
[Site "Internet Chess Club"]
[Date "2011.06.06"]
[Round "4"]
[White "JustinSane"]
[Black "Justi"]
[Result "1-0"]
[WhiteElo "2064"]
[BlackElo "2120"]
[Opening "Queen's pawn: London system"]
[ECO "A45"]
[Time "16:42:51"]
[TimeControl "2700+45"]

1. d4 Nf6 2. Bf4 e6 3. e3 Bd6 4. Nd2 Bxf4 5. exf4 O-O 6. Ngf3 b6 7. c3 Ba6 8.
Bxa6 Nxa6 9. O-O d6 10. a4 Nb8 11. g3 Nbd7 12. a5 Qc8 13. Qe2 Qb7 14. Ra2 b5 15.
Raa1 c5 16. Rfc1 Rac8 17. c4 bxc4 18. Nxc4 Qa6 19. Qd1 cxd4 20. Qxd4 d5 21. Nce5
Rxc1+ 22. Rxc1 Qxa5 23. Nc6 Qb6 24. Nxa7 Rb8 25. Qxb6 Rxb6 26. Rc8+ Nf8 27. Nc6
g6 28. Nfe5 Rb7 29. b4 Kg7 30. Nd8 Ra7 31. b5 N6d7 32. Ndxf7 Nxe5 33. Nxe5 Nd7
34. Nxd7 Rxd7 35. b6 Kf7 36. Kf1 Ke7 37. Rb8 Kd6 38. Ke2 Kc6 39. Kd3 Rb7 40. Re8
Kd6 41. Rh8 e5 42. fxe5+ Kxe5 43. f4+ Ke6 44. Kd4 Rxb6 45. Rxh7 Rb4+ 46. Kc3 Rb1
47. Ra7 Rh1 48. Ra2 Rc1+ 49. Kd2 Rh1 50. Ke3 Kf5 51. Rd2 Ke6 52. Kf3 Ra1 53. Kg4
Ra5 54. Kg5 Kf7 55. Rd4 Rb5 56. g4 Ra5 57. h4 Rc5 58. f5 gxf5 59. Kxf5 Kg7 60.
Ke5 Kg6 61. Rxd5 Rc1 62. Rd6+ Kg7 63. h5 Rf1 64. g5 Re1+ 65. Kf5 Rf1+ 66. Ke6
Re1+ 67. Kf5 Rf1+ 68. Kg4 Rg1+ 69. Kf4 Rf1+ 70. Ke4 Re1+ 71. Kf3 Rf1+ 72. Kg2
Rf5 73. Rg6+ Kh7 74. Kg3 Rf1 75. Rf6 Rh1 76. Kg4 Rg1+ 77. Kf5 Rf1+ 78. Ke6 Re1+
79. Kf7 {Black resigns} 1-0

[Event "Team 45 45 League T49"]
[Site "Internet Chess Club"]
[Date "2011.06.05"]
[Round "4"]
[White "jorobo"]
[Black "Malcolm"]
[Result "1/2-1/2"]
[WhiteElo "1980"]
[BlackElo "1761"]
[Opening "English opening"]
[ECO "A21"]
[Time "11:45:23"]
[TimeControl "2700+45"]

1. c4 e5 2. Nc3 g6 3. Nf3 Nc6 4. d4 exd4 5. Nxd4 Bg7 6. Nxc6 bxc6 7. g3 Ne7 8.
Bg2 O-O 9. O-O Rb8 10. Qa4 d6 11. Rd1 Be6 12. c5 d5 13. Qxa7 Ra8 14. Qb7 Qd7 15.
Qb3 Rfb8 16. Qc2 Ra5 17. Ne4 Qc8 18. Nd2 Qa6 19. a4 Qxe2 20. Bf3 Bf5 21. Qb3
Rxb3 22. Bxe2 Rb8 23. Re1 Bxb2 24. Ra2 Bxc1 25. Rxc1 Rb4 26. Bd1 Kg7 27. f3 Ng8
28. Kf2 Nf6 29. g4 Bc8 30. Nb3 Raxa4 31. Rxa4 Rxa4 32. Ke3 Ba6 33. Ra1 Rxa1 34.
Nxa1 Bc4 35. Kd4 Nd7 36. Ba4 Bb5 37. Bxb5 cxb5 38. Kxd5 Nb8 39. g5 f6 40. f4 b4
41. Nb3 fxg5 42. fxg5 h6 43. h4 hxg5 44. hxg5 Kf7 45. Nd4 Ke7 46. Kc4 Nd7 47.
Kxb4 Ne5 48. Kb5 Kd7 49. Kb4 Nc6+ 50. Nxc6 Kxc6 51. Kc4 Kd7 52. Kb5 Kc8 53. Kc6
Kd8 54. Kd5 Ke7 55. Ke5 c6 56. Kd4 Ke6 57. Ke4 Kd7 58. Ke5 Ke7 59. Kd4 Ke6 60.
Ke4 Kd7 61. Kd4 Ke6 62. Ke4 Kd7 63. Ke5 Ke7 {Game drawn by repetition} 1/2-1/2

[Event "Team 45 45 League T49"]
[Site "Internet Chess Club"]
[Date "2011.06.05"]
[Round "4"]
[White "fileman"]
[Black "cesaralexander"]
[Result "1/2-1/2"]
[WhiteElo "1890"]
[BlackElo "1879"]
[Opening "Queen's pawn game, Rubinstein (Colle-Zukertort) variation"]
[ECO "D05"]
[Time "04:40:28"]
[TimeControl "2700+45"]

1. d4 d5 2. Nf3 Nf6 3. e3 e6 4. Bd3 c5 5. b3 b6 6. Qe2 Bb7 7. O-O Bd6 8. Nbd2
Nbd7 9. Bb2 O-O 10. Rac1 Qe7 11. Rfe1 e5 12. dxe5 Nxe5 13. Nxe5 Bxe5 14. Bxe5
Qxe5 15. Nf3 Qh5 16. Nd2 Qxe2 17. Rxe2 Rfe8 18. Rce1 Kf8 19. f3 Re7 20. e4 dxe4
21. Nxe4 Nxe4 22. Bxe4 Bxe4 23. Rxe4 Rae8 24. Rxe7 Rxe7 25. Rxe7 Kxe7 26. Kf2
Ke6 27. Ke3 f5 28. h4 Ke5 29. g3 g6 30. c3 h6 31. f4+ Kd5 32. a4 a5 33. c4+ Ke6
34. h5 gxh5 35. Kf3 Kf6 36. Kg2 h4 37. gxh4 h5 38. Kf3 {Game drawn by mutual
agreement} 1/2-1/2

[Event "Team 45 45 League T49"]
[Site "Internet Chess Club"]
[Date "2011.06.03"]
[Round "4"]
[White "az2112"]
[Black "LoseOften"]
[Result "0-1"]
[WhiteElo "1726"]
[BlackElo "1772"]
[Opening "Réti v Dutch"]
[ECO "A04"]
[Time "08:35:29"]
[TimeControl "2700+45"]

1. Nf3 f5 2. d4 Nf6 3. c4 e6 4. g3 d5 5. Bg2 c6 6. O-O Bd6 7. b3 Qe7 8. Ne5 Nbd7
9. Nd3 O-O 10. Nd2 e5 11. dxe5 Nxe5 12. Bb2 Neg4 13. h3 Bxg3 14. hxg4 Nxg4 15.
fxg3 Qe3+ 16. Nf2 f4 17. Nf3 fxg3 18. Qd4 gxf2+ 19. Rxf2 Qxf2+ 20. Qxf2 Nxf2 21.
Kxf2 dxc4 22. bxc4 Be6 23. c5 Rad8 24. Ke1 Bd5 25. a3 Rf4 26. Rc1 Re8 27. Kd2 g5
28. Rg1 h6 29. e3 Rxf3 30. Bxf3 Bxf3 31. Bd4 Kf7 32. Rb1 Re7 33. Rf1 g4 34. Rf2
Ke6 35. Rh2 Rh7 36. Rh5 g3 37. Ke1 Bxh5 {White resigns} 0-1

[Event "Team 45 45 League T49"]
[Site "Internet Chess Club"]
[Date "2011.06.05"]
[Round "4"]
[White "Tobiasdelmonte"]
[Black "SlimeDog2"]
[Result "0-1"]
[WhiteElo "1831"]
[BlackElo "2062"]
[Opening "Grünfeld with Bf4 & e3"]
[ECO "D93"]
[Time "23:07:08"]
[TimeControl "2700+45"]

1. d4 Nf6 2. c4 g6 3. Nc3 d5 4. Bf4 Bg7 5. e3 O-O 6. Nf3 c5 7. cxd5 Nxd5 8. Be5
Nc6 9. Bxg7 Kxg7 10. dxc5 Nxc3 11. Qxd8 Rxd8 12. bxc3 Rd5 13. Be2 Rxc5 14. Rc1
Nb4 15. Kd2 Nd5 16. Rhd1 Bd7 17. Nd4 Rac8 18. c4 Nb6 19. Nb3 R5c7 20. c5 Na4 21.
Ke1 Be6 22. Bf3 Bxb3 23. axb3 Nxc5 24. Rc3 b6 25. g3 Kf6 26. Ke2 e6 27. h4 Ke5
28. Rd4 f5 29. Bg2 Kf6 30. Bf3 e5 31. Rd6+ Ke7 32. Rd2 e4 33. Bg2 Nd3 34. Rxc7+
Rxc7 35. f3 Nc1+ 36. Kf2 Nxb3 37. Rb2 Nc5 38. fxe4 Nd3+ {White resigns} 0-1

[Event "Team 45 45 League T49"]
[Site "Internet Chess Club"]
[Date "2011.06.06"]
[Round "4"]
[White "dacarrelli"]
[Black "GreatBendini"]
[Result "0-1"]
[WhiteElo "1653"]
[BlackElo "1900"]
[Opening "Scandinavian: Marshall variation"]
[ECO "B01"]
[Time "22:00:06"]
[TimeControl "2700+45"]

1. e4 d5 2. exd5 Nf6 3. d4 Nxd5 4. c4 Nf6 5. Nc3 Bg4 6. Be2 Bxe2 7. Ngxe2 e6 8.
O-O Be7 9. Re1 O-O 10. Bf4 Nc6 11. a3 Bd6 12. Be5 Bxe5 13. dxe5 Nxe5 14. Qb3 Qd6
15. Rad1 Qc5 16. Na4 Qxc4 17. Qxc4 Nxc4 18. Rc1 b5 19. Nd4 a6 20. Rc2 Rfd8 21.
Nf3 Nd5 22. Nc5 h6 23. a4 Nb4 24. Rc3 Nxb2 25. axb5 axb5 26. Rb1 Rd1+ 27. Rxd1
Nxd1 28. Rc1 Nc3 29. h4 Ne2+ {White resigns} 0-1

[Event "Team 45 45 League T49"]
[Site "Internet Chess Club"]
[Date "2011.06.05"]
[Round "4"]
[White "Killian"]
[Black "Rubikon81"]
[Result "1/2-1/2"]
[WhiteElo "1907"]
[BlackElo "1741"]
[Opening "Sicilian: closed"]
[ECO "B24"]
[Time "16:00:21"]
[TimeControl "2700+45"]

1. e4 c5 2. Nc3 Nc6 3. g3 Nf6 4. Bg2 e5 5. d3 Be7 6. Be3 Qb6 7. Rb1 O-O 8. h3
Nd4 9. Qd2 d6 10. g4 Be6 11. Nge2 Nd7 12. O-O Qc6 13. Ng3 Qa6 14. Nf5 Bd8 15. f4
Bxf5 16. gxf5 Nf6 17. Qf2 Rc8 18. Kh2 Bc7 {Game drawn by mutual agreement}
1/2-1/2

[Event "Team 45 45 League T49"]
[Site "Internet Chess Club"]
[Date "2011.06.04"]
[Round "4"]
[White "BotanicalKnight"]
[Black "Gilguli"]
[Result "0-1"]
[WhiteElo "1643"]
[BlackElo "1445"]
[Opening "Sicilian: closed"]
[ECO "B24"]
[Time "09:06:23"]
[TimeControl "2700+45"]

1. e4 c5 2. Nc3 Nc6 3. g3 Nf6 4. Bg2 d6 5. d3 g6 6. f4 Bg7 7. Nf3 O-O 8. O-O a6
9. Rb1 b5 10. h3 Bd7 11. g4 Qb6 12. Kh2 b4 13. Ne2 Ne8 14. Qe1 Nc7 15. Qg3 Nb5
16. h4 Rac8 17. h5 Nbd4 18. Nexd4 Nxd4 19. Nxd4 cxd4 20. hxg6 fxg6 21. f5 Rxc2
22. fxg6 Rxf1 23. Kh3 Rfxc1 24. Rxc1 Rxc1 25. gxh7+ Kh8 26. Qh4 Qd8 27. Qg5 Rc5
28. Qh5 Rxh5+ {White resigns} 0-1

[Event "Team 45 45 League T49"]
[Site "Internet Chess Club"]
[Date "2011.06.03"]
[Round "4"]
[White "cityprosecutor"]
[Black "playwaycool"]
[Result "0-1"]
[WhiteElo "1772"]
[BlackElo "2131"]
[Opening "Three knights: Steinitz variation"]
[ECO "C46"]
[Time "22:00:57"]
[TimeControl "2700+45"]

1. e4 e5 2. Nf3 Nc6 3. Nc3 g6 4. d4 exd4 5. Nxd4 Bg7 6. Nxc6 bxc6 7. Bc4 Ne7 8.
O-O O-O 9. Qf3 h6 10. Bd2 d6 11. Rad1 Rb8 12. b3 Kh7 13. Qe3 c5 14. f4 Bd4
{White resigns} 0-1

[Event "Team 45 45 League T49"]
[Site "Internet Chess Club"]
[Date "2011.06.04"]
[Round "4"]
[White "ChessAuthor"]
[Black "dschesq"]
[Result "1-0"]
[WhiteElo "1733"]
[BlackElo "1639"]
[Opening "Bird's opening"]
[ECO "A03"]
[Time "15:00:21"]
[TimeControl "2700+45"]

1. f4 d5 2. Nf3 Bg4 3. e3 Nf6 4. h3 Bxf3 5. Qxf3 e6 6. Nc3 Bd6 7. d3 Nc6 8. a3
Ne7 9. e4 dxe4 10. dxe4 e5 11. f5 g6 12. fxg6 Nxg6 13. Bg5 Be7 14. Rd1 Nd7 15.
Bc4 Rf8 16. Bh6 Bh4+ 17. g3 Nf4 18. Bxf8 Kxf8 19. Qg4 Qf6 20. O-O Bxg3 21. Rxd7
Qb6+ 22. Kh1 Ng6 23. Bxf7 Qe3 24. Bxg6+ Bf4 25. Qf5+ Kg8 26. Qf7+ Kh8 27. Qg7#
{Black checkmated} 1-0

[Event "Team 45 45 League T49"]
[Site "Internet Chess Club"]
[Date "2011.06.05"]
[Round "4"]
[White "jps7"]
[Black "GUNSMOKE"]
[Result "0-1"]
[WhiteElo "1690"]
[BlackElo "1730"]
[Opening "Queen's Pawn"]
[ECO "A41"]
[Time "20:00:16"]
[TimeControl "2700+45"]

1. d4 d6 2. h3 g6 3. e4 Bg7 4. c3 c6 5. Nf3 Nd7 6. Bd3 e5 7. O-O Ngf6 8. dxe5
dxe5 9. Bg5 h6 10. Be3 Qe7 11. Qc2 O-O 12. Nbd2 Nh5 13. Nc4 Nf4 14. Bxf4 exf4
15. Rae1 Ne5 16. Ncxe5 Bxe5 17. Nxe5 Qxe5 18. f3 Be6 19. c4 Rfd8 20. b3 Rd7 21.
Kh1 Rad8 22. Rd1 Qh5 23. Kh2 Qh4 24. Be2 Qg3+ 25. Kh1 Rxd1 26. Bxd1 f5 27. e5 g5
28. Qe2 h5 29. Bc2 g4 30. fxg4 fxg4 31. Qe4 gxh3 32. Qh7+ Kf8 33. Qh6+ Qg7 34.
Rxf4+ Kg8 35. Qxe6+ Kh8 36. Qxh3 Qg5 37. Qf3 Rd7 38. Rf8+ Kg7 39. Qf5 Qh4+ 40.
Qh3 Qxh3+ 41. gxh3 Kxf8 42. Kg2 Rd2+ {White resigns} 0-1

[Event "Team 45 45 League T49"]
[Site "Internet Chess Club"]
[Date "2011.06.05"]
[Round "4"]
[White "Nathan826"]
[Black "UnderRated"]
[Result "1-0"]
[WhiteElo "1667"]
[BlackElo "1586"]
[Opening "Sicilian: Anderssen variation"]
[ECO "B41"]
[Time "19:15:22"]
[TimeControl "2700+45"]

1. e4 c5 2. Nf3 e6 3. d4 cxd4 4. Nxd4 Nf6 5. Bd3 Nc6 6. Be3 Nb4 7. O-O d5 8. e5
Nxd3 9. cxd3 Nd7 10. Nf3 Nc5 11. Nc3 a6 12. d4 Ne4 13. Nxe4 dxe4 14. Ng5 Bd7 15.
Nxe4 Be7 16. Qg4 g6 17. Bg5 Bxg5 18. Nxg5 f5 19. exf6 Qxf6 20. Rae1 h5 21. Qg3
O-O 22. Ne4 Qg7 23. Nc5 Rf6 24. Qd6 Bb5 25. Rxe6 Rxe6 26. Nxe6 Qf7 27. Ng5 Qg7
28. Qd5+ Kh8 29. Re1 Bc6 30. Qf7 Rf8 31. Qxg7+ Kxg7 32. Ne6+ Kf7 33. Nxf8 Kxf8
34. Re5 Kf7 35. d5 Bd7 36. d6 Be6 37. f4 Kf6 38. a3 b5 39. h4 Kf7 40. Kf2 Kf6
41. Ke3 Kf7 42. Kd4 Kf6 43. Kc5 {Black resigns} 1-0

[Event "Team 45 45 League T49"]
[Site "Internet Chess Club"]
[Date "2011.06.07"]
[Round "4"]
[White "OOB1"]
[Black "oldsj"]
[Result "1/2-1/2"]
[WhiteElo "1494"]
[BlackElo "1582"]
[Opening "Four knights: Scotch, 4...exd4"]
[ECO "C47"]
[Time "20:10:11"]
[TimeControl "2700+45"]

1. e4 e5 2. Nf3 Nc6 3. Nc3 Nf6 4. d4 exd4 5. Nxd4 Bb4 6. Nxc6 bxc6 7. Bd3 d5 8.
exd5 cxd5 9. O-O O-O 10. Bg5 c6 11. Qf3 Be7 12. h3 h6 13. Bh4 Re8 14. Rae1 Nd7
15. Bg3 Bf6 16. Nd1 Ne5 17. Qe3 Bd7 18. Be2 Ng6 19. Qf3 Nh4 20. Qh5 Nf5 21. Bh2
g6 22. Qf3 Nd4 23. Qd3 Bf5 24. Qd2 Nxe2+ 25. Rxe2 Rxe2 26. Qxe2 Qb6 27. b3 Qc5
28. Ne3 Bd7 29. Qf3 Bg7 30. c4 d4 31. Ng4 Bf5 32. Bf4 g5 33. Bd2 Bg6 34. Nf6+
Kh8 35. Re1 Qf5 36. Ng4 Qxf3 37. gxf3 a5 38. Ne5 Bxe5 39. Rxe5 a4 40. b4 Bd3 41.
c5 Bb5 42. a3 d3 43. f4 f6 44. Re6 Kg7 45. fxg5 hxg5 46. f4 Kf7 47. Re1 Rd8 48.
fxg5 fxg5 49. Bxg5 d2 50. Rd1 Be2 51. Rxd2 Rxd2 52. Bxd2 Kg6 53. Kh2 Kh5 54. Kg3
Bf1 55. h4 Bd3 56. Bg5 Be2 57. Kf2 Bb5 58. Kg3 Bd3 59. Kf4 Bb5 60. Ke5 Kg4 61.
Kd6 Kh5 62. Ke6 Bc4+ 63. Kd7 Bb5 64. Bd8 Kg4 65. Ke6 Kh5 66. Kf5 Bd3+ 67. Ke5
Bb5 68. Be7 Kg6 69. Kf4 Kh5 {Game drawn by mutual agreement} 1/2-1/2

[Event "Team 45 45 League T49"]
[Site "Internet Chess Club"]
[Date "2011.06.05"]
[Round "4"]
[White "Visin"]
[Black "Risto"]
[Result "1/2-1/2"]
[WhiteElo "1229"]
[BlackElo "1279"]
[Opening "Caro-Kann: classical variation"]
[ECO "B18"]
[Time "13:00:05"]
[TimeControl "2700+45"]

1. e4 c6 2. d4 d5 3. Nc3 dxe4 4. Nxe4 Bf5 5. Ng3 Bg6 6. Nf3 Nd7 7. Bc4 Ngf6 8.
O-O e6 9. a3 Bd6 10. Be2 Ne4 11. Nxe4 Bxe4 12. c4 Bxf3 13. Bxf3 Qc7 14. g3 O-O
15. b3 Rad8 16. Bb2 Nf6 17. d5 Be7 18. Bxf6 Bxf6 19. Rc1 Bb2 20. Rc2 Bxa3 21.
Qa1 Bd6 22. dxc6 bxc6 23. Qa4 c5 24. Ra2 Rb8 25. Rb1 Rb4 26. Qxa7 Qxa7 27. Rxa7
Rfb8 28. Bd1 Rxc4 29. bxc4 Rxb1 30. Ra8+ Bf8 31. Rd8 Rc1 32. Kg2 Rxc4 33. Rc8 g6
34. Bb3 Rc3 35. Bd1 Kg7 36. f3 Be7 37. Kf2 Bf6 38. Ke2 Bd4 39. Kd2 Ra3 40. h3 h5
41. g4 h4 42. Rb8 Ra2+ 43. Bc2 Kf6 44. f4 Ra3 45. Rb3 Ra7 46. Rf3 Kg7 47. f5 e5
48. fxg6 fxg6 49. g5 Ra6 50. Rb3 Re6 51. Rb7+ Kf8 52. Rb8+ Kg7 53. Rb7+ Kf8 54.
Rb8+ Kf7 55. Rb7+ Kf8 {Game drawn by repetition} 1/2-1/2

[Event "Team 45 45 League T49"]
[Site "Internet Chess Club"]
[Date "2011.06.05"]
[Round "4"]
[White "wekabird"]
[Black "reverendjim"]
[Result "0-1"]
[WhiteElo "1220"]
[BlackElo "1334"]
[Opening "English: Caro-Kann defensive system"]
[ECO "A11"]
[Time "23:01:10"]
[TimeControl "2700+45"]

1. c4 c6 2. Nc3 d5 3. cxd5 cxd5 4. d4 Nf6 5. h3 Bf5 6. Nf3 h6 7. g3 e6 8. Bg2
Be4 9. O-O Be7 10. Nxe4 Nxe4 11. Nd2 Nxd2 12. Bxd2 O-O 13. Bf4 Qb6 14. b3 Nc6
15. Be3 Bf6 16. Rc1 Bxd4 17. Bxd4 Nxd4 18. Rc3 Rac8 19. Rxc8 Rxc8 20. e3 Nc6 21.
Qb1 Ne7 22. Rd1 a5 23. a4 Rc3 24. Rd3 Qc5 25. Rxc3 Qxc3 26. Be4 dxe4 27. Qxe4
Qxb3 28. Qd4 Nc6 29. Qd7 Qb1+ 30. Kg2 Qe4+ 31. Kh2 Ne5 32. Qd1 Nf3+ 33. Kh1 Ne1+
34. Kg1 Qg2# {White checkmated} 0-1

[Event "Team 45 45 League T49"]
[Site "Internet Chess Club"]
[Date "2011.06.05"]
[Round "4"]
[White "mongmong"]
[Black "krysto"]
[Result "0-1"]
[WhiteElo "1616"]
[BlackElo "1619"]
[Opening "Colle system"]
[ECO "D05"]
[Time "20:05:46"]
[TimeControl "2700+45"]

1. d4 d5 2. Nf3 Nf6 3. e3 e6 4. Bd3 c5 5. c3 Nc6 6. Nbd2 Bd6 7. O-O O-O 8. dxc5
Bxc5 9. e4 b6 10. Qe2 Qc7 11. exd5 exd5 12. Nb3 Re8 13. Qd1 Bd6 14. h3 Bb7 15.
Nbd4 Ne5 16. Nxe5 Bxe5 17. Be3 Ne4 18. Nf3 Bf6 19. Bd4 Rad8 20. Bxf6 Nxf6 21.
Nd4 Ne4 22. Re1 Nc5 23. Rxe8+ Rxe8 24. Bc2 Qf4 25. Qc1 Qf6 26. Qd2 Ne6 27. Re1
h6 28. Re3 g6 29. Qe1 Kg7 30. Nb5 Ra8 31. Qd2 Qg5 32. Re2 Ba6 33. Qxg5 hxg5 34.
a4 Bxb5 35. axb5 Rd8 36. Rd2 Kf6 37. Bb3 Ke5 38. Re2+ Kd6 39. c4 d4 40. Rd2 Kc5
41. Ba2 Kb4 42. g3 Nc5 43. Kg2 Nb3 44. Bxb3 Kxb3 45. Kf3 Kxc4 46. Rc2+ Kxb5 47.
Ke4 d3 48. Rd2 Kc4 49. Ke5 Re8+ 50. Kf6 Re2 51. Rxd3 Kxd3 52. Kxf7 Rxf2+ 53.
Kxg6 Rf3 54. h4 Rxg3 55. h5 Kc2 56. h6 Kxb2 57. h7 Rh3 {White resigns} 0-1

[Event "Team 45 45 League T49"]
[Site "Internet Chess Club"]
[Date "2011.06.06"]
[Round "4"]
[White "Barie"]
[Black "seattleblues"]
[Result "0-1"]
[WhiteElo "1308"]
[BlackElo "1485"]
[Opening "English opening"]
[ECO "A13"]
[Time "19:00:06"]
[TimeControl "2700+45"]

1. c4 e6 2. g3 Nf6 3. Bg2 d5 4. cxd5 exd5 5. d4 Be7 6. Nc3 O-O 7. e3 c6 8. Nge2
Nbd7 9. O-O Re8 10. b3 Nf8 11. Nf4 Bg4 12. f3 Bd7 13. a3 Ne6 14. Nxe6 fxe6 15.
Ne2 Bd6 16. Bb2 e5 17. dxe5 Bxe5 18. Bxe5 Rxe5 19. Qd4 Qe8 20. e4 Re7 21. Nc3
Qf7 22. Rae1 Qe8 23. Rf2 dxe4 24. Nxe4 Nxe4 25. fxe4 b6 26. Rf4 c5 27. Qd5+ Be6
28. Qd3 Rd8 29. Qc2 Rf7 30. Rh4 Rd4 31. Rd1 Rxd1+ 32. Qxd1 Qd7 33. Qe2 Qd4+ 34.
Kh1 Qa1+ 35. Bf1 Qxf1+ 36. Qxf1 Rxf1+ 37. Kg2 Rb1 38. b4 Rb2+ 39. Kg1 cxb4 40.
axb4 Rxb4 41. Rf4 a5 42. Kf2 a4 43. Ke3 a3 44. Rf1 Rb2 45. Ra1 a2 46. h4 Rb1 47.
Rxa2 Bxa2 {White resigns} 0-1